 Dungeon Crawl Stone Soup version 0.30-a0-165-g1891117ce2 (webtiles) character file.

Game seed: 13352497319312745339

2744 qw the Cleaver (level 9, -5/57 HPs)
             Began as a Gargoyle Fighter on Sept 28, 2022.
             Was a Follower of Okawaru.
             Slain by a gargoyle
             ... wielding a +0 flail
              (13 damage)
             ... on level 8 of the Dungeon.
             The game lasted 00:03:28 (6543 turns).

qw the Cleaver (Gargoyle Fighter)                   Turns: 6543, Time: 00:03:29

Health: -5/57      AC: 28    Str: 25      XL:     9   Next: 68%
Magic:  10/12      EV:  8    Int:  7 (8)  God:    Okawaru [*.....]
Gold:   284        SH:  6    Dex:  9      Spells: 8/8 levels left

rFire   . . .      SeeInvis +    Y - +2 war axe
rCold   + + .      Faith    .    b - +0 buckler {AC+3}
rNeg    + . .      Spirit   .    p - +0 plate armour
rPois   inf        Reflect  .    (no helmet)
rElec   +          Harm     .    k - +0 cloak
rCorr   .          Rampage  .    m - +2 pair of gloves
Will    .....                    (no boots)
Stlth   ..........               n - amulet "Huruelod" {Acrobat rC+}
HPRegen 0.99/turn                h - ring of protection from cold
MPRegen 0.13/turn                l - ring of see invisible

@: about to teleport, heroic
A: sickness immunity, AC +6, negative energy resistance 1, electricity
resistance, torment resistance 1, petrification resistance, deterioration 1,
regeneration 1
a: Renounce Religion, Heroism


You were on level 8 of the Dungeon.
You worshipped Okawaru.
Okawaru was aware of your devotion.
You visited 1 branch of the dungeon, and saw 8 of its levels.
You also visited: Sewer.

You collected 556 gold pieces.
You spent 272 gold pieces at shops.


Innate Abilities, Weirdness & Mutations

You are immune to sickness and miasma.
Your stone body is resilient. (AC +6)
You are immune to poison.
You resist negative energy. (rN+)
You are resistant to electric shocks. (rElec)
You are resistant to unholy torment.
You are immune to petrification.
Your body sometimes deteriorates upon taking damage.
Your natural rate of healing is unusually fast.


   Skills:
 - Level 7.0(12.0) Fighting
 - Level 9.4(14.4) Axes
 - Level 1.2(6.2) Throwing
 + Level 4.4(9.4) Armour
 - Level 1.1(6.1) Dodging
 - Level 4.4(9.4) Shields
 - Level 4.0 Invocations


You had 8 spell levels left.
You didn't know any spells.
Your spell library was empty.

Inventory:

Hand Weapons
 o - a +0 morningstar
 Y - a +2 war axe (weapon)
Missiles
 q - a boomerang (quivered)
Armour
 b - a +0 buckler of protection (worn)
 g - the +1 chain mail of Dishonour {rF+ rN++ Str-4}
   (You found it on level 4 of the Dungeon)

   Str:       It affects your strength (-4).
   rF:        It protects you from fire.
   rN:        It greatly protects you from negative energy.
 k - a +0 cloak (worn)
 m - a +2 pair of gloves (worn)
 p - a +0 plate armour (worn)
Jewellery
 h - a ring of protection from cold (left hand)
 l - a ring of see invisible (right hand)
 n - the amulet "Huruelod" (around neck) {Acrobat rC+}
   (You found it on level 5 of the Dungeon)

   [amulet of the acrobat]

   It increases your evasion while moving and waiting.
   rC:        It protects you from cold.
Scrolls
 a - 7 scrolls of identify
 j - 9 scrolls of teleportation
Potions
 c - a potion of heal wounds
 d - a potion of might
 e - a potion of mutation
 i - 2 potions of attraction

Dungeon Overview and Level Annotations

Branches:
Dungeon (8/15)             Temple (0/1) D:5           Sewer (visited)
   Lair: D:8-11

Altars:
Ashenzari
Fedhas
Okawaru
Qazlal
Ru
Uskayaw
Xom
Zin

Shops:
D:7 [

Annotations:
D:5 2 transporters, qw's ghost, amateur GrFi


Message History

The stone arrow hits you!
You closely miss the gargoyle.
The gargoyle hurls a stone arrow at you.
The stone arrow misses you.
You slash the gargoyle!
The gargoyle is heavily damaged.
The gargoyle hurls a stone arrow at you.
The stone arrow hits you but does no damage.
You hit the gargoyle.
The gargoyle is heavily damaged.
The gargoyle hits you with a +0 flail.
You closely miss the gargoyle.
The gargoyle is heavily damaged.
The gargoyle hits you with a +0 flail.
Your body deteriorates!
You feel dopey.
6536 ||| INVOKING Heroism.
You gain the combat prowess of a mighty hero.
The gargoyle hits you with a +0 flail.
You hit the gargoyle.
The gargoyle is severely damaged.
The gargoyle hits you but does no damage.
You hit the gargoyle but do no damage.
The gargoyle is severely damaged.
You slash the gargoyle!
The gargoyle is almost destroyed.
You block the gargoyle's attack.
You hit the gargoyle but do no damage.
The gargoyle is almost destroyed.
The gargoyle hits you with a +0 flail!
You hit the gargoyle but do no damage.
The gargoyle is almost destroyed.
The gargoyle hits you with a +0 flail.
You hit the gargoyle but do no damage.
The gargoyle is almost destroyed.
The gargoyle hits you with a +0 flail!
6543 ||| READING 10 scrolls of teleportation.
As you read the scroll of teleportation, it crumbles to dust.
You feel strangely unstable. The gargoyle hits you with a +0 flail!
You die...

## ######
... .....##
..
#...##.#.#.
#.<.......
#.#@##.#.#.
##9## ##


You could see a gargoyle.

Vanquished Creatures
  A wyvern (D:5)
  A steam dragon (D:5)
  2 water moccasins
  2 ice beasts
  2 black bears
  4 ogres
  A centaur (D:5)
  2 bullfrogs (Sewer)
  A kobold brigand (D:7)
  4 scorpions
  2 vampire bats (D:5)
  A howler monkey (D:4)
  A jelly (D:6)
  6 orc priests
  A hound (D:5)
  2 iguanas (D:5)
  7 orc wizards
  15 adders
  4 gnolls (D:3)
  6 river rats
  A shadow imp (D:7)
  2 white imps (D:6)
  An ufetubus (D:7)
  2 worms
  2 dart slugs
  28 orcs
  26 ball pythons
  12 bats
  13 endoplasms
  12 giant cockroaches
  9 goblins
  5 hobgoblins
  6 jackals
  8 quokkas
  12 frilled lizards
  16 kobolds
  21 rats
241 creatures vanquished.

Vanquished Creatures (others)
  2 plants (D:6)
2 creatures vanquished.

Grand Total: 243 creatures vanquished

Notes
Turn   | Place    | Note
-------+----------+-------------------------------------------
     0 | D:1      | qw the Gargoyle Fighter began the quest for the Orb.
     0 | D:1      | Reached XP level 1. HP: 14/14 MP: 1/1
     0 | D:1      | 0 ||| qw: Version: 0.2-a-12-gaebbb33
     0 | D:1      | 0 ||| qw: Game counter: 801
     0 | D:1      | 0 ||| qw: Always use a shield: true
     0 | D:1      | 0 ||| qw: God list: Okawaru
     0 | D:1      | 0 ||| qw: Allow faded altars: false
     0 | D:1      | 0 ||| qw: Do Orc after D:15 true
     0 | D:1      | 0 ||| qw: Do second Lair branch before Depths: true
     0 | D:1      | 0 ||| qw: Lair rune preference: random
     0 | D:1      | 0 ||| qw: Plans: Normal, Zot:1-4, God:TSO, Crypt, Tomb,
                  | Pan, Slime:5, Hells, Abyss, Orb
     0 | D:1      | 0 ||| PLANNING D:1-11
    31 | D:1      | Reached skill level 2 in Axes
    88 | D:1      | 88 ||| DROPPING +0 club.
   134 | D:1      | 134 ||| Stepping ~*~*~tactically~*~*~ (stealth).
   141 | D:1      | Reached XP level 2. HP: 19/19 MP: 2/2
   273 | D:1      | 273 ||| Stepping ~*~*~tactically~*~*~ (stealth).
   430 | D:1      | Reached skill level 3 in Axes
   441 | D:1      | Reached XP level 3. HP: 18/23 MP: 3/3
   540 | D:1      | 540 ||| Stepping ~*~*~tactically~*~*~ (hiding).
   554 | D:1      | 554 ||| Stepping ~*~*~tactically~*~*~ (hiding).
   669 | D:1      | Found a faded altar of an unknown god.
   900 | D:1      | 900 ||| Stepping ~*~*~tactically~*~*~ (stealth).
   909 | D:1      | 909 ||| Stepping ~*~*~tactically~*~*~ (stealth).
   914 | D:1      | 914 ||| Stepping ~*~*~tactically~*~*~ (stealth).
   915 | D:1      | 915 ||| Stepping ~*~*~tactically~*~*~ (stealth).
  1157 | D:1      | 1157 ||| UPGRADING to +0 chain mail.
  1167 | D:1      | 1167 ||| DROPPING +0 scale mail.
  1168 | D:1      | 1168 ||| UPGRADING to ring of protection from cold.
  1169 | D:1      | 1169 ||| UPGRADING to ring of see invisible.
  1170 | D:1      | 1170 ||| READING 5 scrolls labelled WETEBOIPHU.
  1171 | D:1      | 1171 ||| READING 2 scrolls labelled XAAJON KARUH.
  1175 | D:1      | 1175 ||| READING scroll labelled EZANIULIXI.
  1176 | D:1      | 1176 ||| READING scroll labelled PISTAU QASUH.
  1177 | D:1      | 1177 ||| DRINKING 2 ruby potions.
  1178 | D:1      | 1178 ||| READING 4 scrolls of identify.
  1178 | D:1      | 1178 ||| IDENTIFYING dark potion
  1179 | D:1      | 1179 ||| DROPPING potion of degeneration.
  1219 | D:2      | 1219 ||| Stepping ~*~*~tactically~*~*~ (stealth).
  1222 | D:2      | 1222 ||| Stepping ~*~*~tactically~*~*~ (stealth).
  1226 | D:2      | 1226 ||| Stepping ~*~*~tactically~*~*~ (stealth).
  1227 | D:2      | 1227 ||| Stepping ~*~*~tactically~*~*~ (stealth).
  1230 | D:2      | 1230 ||| Stepping ~*~*~tactically~*~*~ (stealth).
  1238 | D:2      | Identified the +11 dagger "Leuje" {freeze, rF+}
  1341 | D:2      | Found a shimmering altar of Xom.
  1531 | D:2      | 1531 ||| READING scroll labelled ODIZUU ZOFFUIQ.
  1659 | D:2      | Reached XP level 4. HP: 28/28 MP: 4/4
  1687 | D:2      | 1687 ||| Stepping ~*~*~tactically~*~*~ (stealth).
  1841 | D:2      | 1841 ||| Stepping ~*~*~tactically~*~*~ (stealth).
  1909 | D:2      | Reached skill level 4 in Axes
  2130 | D:2      | 2130 ||| READING scroll labelled ZETAATI VUMA.
  2131 | D:2      | 2131 ||| READING 3 scrolls of identify.
  2131 | D:2      | 2131 ||| IDENTIFYING fizzy orange potion
  2132 | D:2      | 2132 ||| READING 2 scrolls of identify.
  2132 | D:2      | 2132 ||| IDENTIFYING murky black potion
  2133 | D:2      | 2133 ||| DROPPING potion of invisibility.
  2134 | D:2      | 2134 ||| DROPPING potion of flight.
  2165 | D:3      | 2165 ||| PLANNING SEWER
  2267 | D:3      | Found a sacrificial altar of Ru.
  2395 | D:3      | 2395 ||| READING scroll of enchant weapon.
  2395 | D:3      | 2395 ||| ENCHANTING +1 war axe.
  2462 | D:3      | Found a glowing drain.
  2463 | D:3      | 2463 ||| DROPPING orb of light.
  2464 | D:3      | 2464 ||| DRINKING 2 gluggy clear potions.
  2464 | D:3      | Gained mutation: Your body sometimes deteriorates upon
                  | taking damage. [potion of mutation]
  2464 | D:3      | Gained mutation: Your natural rate of healing is unusually
                  | fast. [potion of mutation]
  2465 | D:3      | 2465 ||| FLEEEEING.
  2486 | D:3      | 2486 ||| FLEEEEING.
  2487 | D:3      | 2487 ||| FLEEEEING.
  2488 | D:3      | 2488 ||| FLEEEEING.
  2490 | D:3      | 2490 ||| FLEEEEING.
  2491 | D:3      | 2491 ||| FLEEEEING.
  2492 | D:3      | 2492 ||| FLEEEEING.
  2504 | D:3      | 2504 ||| FLEEEEING.
  2505 | D:3      | 2505 ||| FLEEEEING.
  2506 | D:3      | 2506 ||| FLEEEEING.
  2507 | D:3      | 2507 ||| FLEEEEING.
  2508 | D:3      | 2508 ||| FLEEEEING.
  2509 | D:3      | 2509 ||| FLEEEEING.
  2510 | D:3      | 2510 ||| STAIRDANCE
  2514 | D:3      | 2514 ||| STAIRDANCE
  2529 | D:3      | 2529 ||| STAIRDANCE
  2563 | Sewer    | Entered a sewer
  2643 | Sewer    | Reached XP level 5. HP: 32/32 MP: 5/5
  2667 | Sewer    | 2667 ||| Stepping ~*~*~tactically~*~*~ (water).
  2706 | Sewer    | Reached skill level 5 in Axes
  2731 | Sewer    | 2731 ||| Stepping ~*~*~tactically~*~*~ (water).
  2855 | Sewer    | 2855 ||| Stepping ~*~*~tactically~*~*~ (water).
  2892 | Sewer    | Reached XP level 6. HP: 29/38 MP: 6/6
  2926 | Sewer    | 2926 ||| UPGRADING to +0 buckler of protection.
  2936 | Sewer    | 2936 ||| DROPPING +0 buckler.
  2950 | D:3      | 2950 ||| PLANNING D:1-11
  2999 | D:3      | Found a blossoming altar of Fedhas.
  3041 | D:3      | Reached skill level 6 in Axes
  3080 | D:3      | 3080 ||| Stepping ~*~*~tactically~*~*~ (stealth).
  3200 | D:3      | 3200 ||| Stepping ~*~*~tactically~*~*~ (hiding).
  3225 | D:3      | 3225 ||| Stepping ~*~*~tactically~*~*~ (stealth).
  3254 | D:3      | Reached skill level 1 in Dodging
  3337 | D:3      | 3337 ||| Stepping ~*~*~tactically~*~*~ (stealth).
  3338 | D:3      | 3338 ||| DROPPING +0 mace.
  3368 | D:3      | 3368 ||| UPGRADING to +0 cloak.
  3373 | D:3      | 3373 ||| READING 4 scrolls of identify.
  3373 | D:3      | 3373 ||| IDENTIFYING clear potion
  3420 | D:4      | Reached XP level 7. HP: 43/43 MP: 7/7
  3512 | D:4      | Identified the +1 chain mail of Dishonour {rF+ rN++ Str-4}
  3562 | D:4      | 3562 ||| Stepping ~*~*~tactically~*~*~ (hiding).
  3565 | D:4      | 3565 ||| Stepping ~*~*~tactically~*~*~ (hiding).
  3569 | D:4      | 3569 ||| Stepping ~*~*~tactically~*~*~ (stealth).
  3573 | D:4      | 3573 ||| Stepping ~*~*~tactically~*~*~ (stealth).
  3592 | D:4      | 3592 ||| Stepping ~*~*~tactically~*~*~ (stealth).
  3595 | D:4      | 3595 ||| Stepping ~*~*~tactically~*~*~ (stealth).
  3611 | D:4      | 3611 ||| Stepping ~*~*~tactically~*~*~ (stealth).
  3648 | D:4      | Reached skill level 7 in Axes
  3794 | D:4      | Found an iron altar of Okawaru.
  3797 | D:4      | Found a hide-covered altar of Uskayaw.
  3856 | D:4      | 3856 ||| Stepping ~*~*~tactically~*~*~ (stealth).
  3859 | D:4      | 3859 ||| Stepping ~*~*~tactically~*~*~ (stealth).
  3899 | D:4      | 3899 ||| Stepping ~*~*~tactically~*~*~ (stealth).
  4186 | D:4      | Reached XP level 8. HP: 29/49 MP: 8/8
  4352 | D:4      | 4352 ||| UPGRADING to +1 chain mail of Dishonour {rF+ rN++
                  | Str-4}.
  4362 | D:4      | 4362 ||| UPGRADING to amulet of guardian spirit.
  4367 | D:4      | 4367 ||| DROPPING ring of magical power.
  4368 | D:4      | 4368 ||| READING scroll labelled RATOSIONAN.
  4369 | D:4      | 4369 ||| READING scroll labelled FYPSEM ISINOEPH.
  4370 | D:4      | 4370 ||| READING scroll labelled POGIOL ONUWK.
  4371 | D:4      | 4371 ||| READING scroll labelled IJIF DAPRA.
  4372 | D:4      | 4372 ||| READING 5 scrolls of identify.
  4372 | D:4      | 4372 ||| IDENTIFYING yellow potion
  4373 | D:4      | 4373 ||| READING 4 scrolls of identify.
  4373 | D:4      | 4373 ||| IDENTIFYING glowing blue potion
  4374 | D:4      | 4374 ||| DROPPING potion of brilliance.
  4407 | D:5      | Entered Level 5 of the Dungeon
  4407 | D:5      | Found a transporter.
  4407 | D:5      | Found a transporter.
  4418 | D:5      | Noticed qw's ghost (amateur GrFi)
  4466 | D:5      | Identified the amulet "Huruelod" {Acrobat rC+}
  4472 | D:5      | 4472 ||| Stepping ~*~*~tactically~*~*~ (hiding).
  4486 | D:5      | Identified the +1 robe "Helum" {Str-5 Dex+8}
  4494 | D:5      | Reached skill level 8 in Axes
  4496 | D:5      | 4496 ||| Stepping ~*~*~tactically~*~*~ (hiding).
  4510 | D:5      | 4510 ||| Stepping ~*~*~tactically~*~*~ (stealth).
  4515 | D:5      | 4515 ||| FLEEEEING.
  4531 | D:5      | Reached skill level 6 in Fighting
  4595 | D:5      | 4595 ||| FLEEEEING.
  4596 | D:5      | 4596 ||| FLEEEEING.
  4598 | D:5      | 4598 ||| FLEEEEING.
  4599 | D:5      | 4599 ||| FLEEEEING.
  4600 | D:5      | 4600 ||| FLEEEEING.
  4601 | D:5      | 4601 ||| FLEEEEING.
  4602 | D:5      | 4602 ||| FLEEEEING.
  4605 | D:5      | 4605 ||| DRINKING potion of curing.
  4605 | D:5      | 4605 ||| (to cure confusion)
  4631 | D:5      | 4631 ||| DROPPING +0 flail.
  4706 | D:5      | Noticed a wyvern
  4724 | D:5      | Killed a wyvern
  4735 | D:5      | 4735 ||| FLEEEEING.
  4740 | D:5      | 4740 ||| FLEEEEING.
  4741 | D:5      | 4741 ||| FLEEEEING.
  4742 | D:5      | 4742 ||| FLEEEEING.
  4743 | D:5      | 4743 ||| FLEEEEING.
  4744 | D:5      | 4744 ||| FLEEEEING.
  4745 | D:5      | 4745 ||| FLEEEEING.
  4746 | D:5      | 4746 ||| FLEEEEING.
  4746 | D:5      | Found a staircase to the Ecumenical Temple.
  4747 | D:5      | 4747 ||| PLANNING TEMPLE
  4750 | D:5      | 4750 ||| FLEEEEING.
  4751 | D:5      | 4751 ||| FLEEEEING.
  4752 | D:5      | 4752 ||| FLEEEEING.
  4753 | D:5      | 4753 ||| FLEEEEING.
  4754 | D:5      | 4754 ||| FLEEEEING.
  4755 | D:5      | 4755 ||| FLEEEEING.
  4756 | D:5      | 4756 ||| FLEEEEING.
  4757 | D:5      | 4757 ||| FLEEEEING.
  4758 | D:5      | 4758 ||| FLEEEEING.
  4759 | D:5      | 4759 ||| FLEEEEING.
  4760 | D:5      | 4760 ||| FLEEEEING.
  4761 | D:5      | 4761 ||| FLEEEEING.
  4762 | D:5      | 4762 ||| FLEEEEING.
  4763 | D:5      | 4763 ||| FLEEEEING.
  4764 | D:5      | 4764 ||| FLEEEEING.
  4765 | D:5      | 4765 ||| STAIRDANCE
  4778 | D:4      | 4778 ||| PLANNING OKAWARU WORSHIP
  4778 | D:4      | 4778 ||| UPGRADING to amulet "Huruelod" {Acrobat rC+}.
  4790 | D:4      | Became a worshipper of Warmaster Okawaru
  4791 | D:4      | 4791 ||| PLANNING D:1-11
  4791 | D:4      | 4791 ||| DROPPING amulet of guardian spirit.
  4804 | D:5      | Reached skill level 9 in Axes
  4852 | D:5      | Reached XP level 9. HP: 55/55 MP: 9/9
  4868 | D:5      | Found a shimmering altar of Xom.
  4889 | D:5      | Found a broken altar of Ashenzari.
  5087 | D:6      | Reached * piety under Okawaru
  5210 | D:6      | 5210 ||| Stepping ~*~*~tactically~*~*~ (stealth).
  5233 | D:6      | Reached skill level 1 in Invocations
  5255 | D:6      | 5255 ||| Stepping ~*~*~tactically~*~*~ (stealth).
  5262 | D:6      | 5262 ||| INVOKING Heroism.
  5289 | D:6      | 5289 ||| Stepping ~*~*~tactically~*~*~ (stealth).
  5290 | D:6      | 5290 ||| Stepping ~*~*~tactically~*~*~ (stealth).
  5294 | D:6      | 5294 ||| Stepping ~*~*~tactically~*~*~ (stealth).
  5298 | D:6      | 5298 ||| Stepping ~*~*~tactically~*~*~ (stealth).
  5302 | D:6      | 5302 ||| Stepping ~*~*~tactically~*~*~ (stealth).
  5303 | D:6      | 5303 ||| Stepping ~*~*~tactically~*~*~ (stealth).
  5304 | D:6      | 5304 ||| INVOKING Heroism.
  5352 | D:6      | 5352 ||| Stepping ~*~*~tactically~*~*~ (hiding).
  5356 | D:6      | 5356 ||| INVOKING Heroism.
  5379 | D:6      | Reached skill level 3 in Invocations
  5380 | D:6      | 5380 ||| INVOKING Heroism.
  5390 | D:6      | Reached skill level 1 in Throwing
  5455 | D:6      | 5455 ||| Stepping ~*~*~tactically~*~*~ (stealth).
  5651 | D:6      | 5651 ||| DROPPING +0 chain mail.
  5652 | D:6      | 5652 ||| UPGRADING to +0 plate armour.
  5662 | D:6      | 5662 ||| READING scroll labelled DONIZEA ZEZI.
  5914 | D:7      | 5914 ||| Stepping ~*~*~tactically~*~*~ (stealth).
  5916 | D:7      | 5916 ||| INVOKING Heroism.
  5917 | D:7      | 5917 ||| Stepping ~*~*~tactically~*~*~ (stealth).
  5926 | D:7      | 5926 ||| Stepping ~*~*~tactically~*~*~ (stealth).
  6049 | D:7      | Found Fush's Armour Boutique.
  6111 | D:7      | 6111 ||| BUYING +0 pair of gloves (58 gold).
  6111 | D:7      | Bought a +0 pair of gloves for 58 gold pieces
  6111 | D:7      | 6111 ||| BUYING +2 pair of gloves (214 gold).
  6111 | D:7      | Bought a +2 pair of gloves for 214 gold pieces
  6111 | D:7      | 6111 ||| SHOPLISTING +4 scale mail of cold resistance (403
                  | gold, have 284).
  6153 | D:7      | Found a stormy altar of Qazlal.
  6216 | D:7      | 6216 ||| Stepping ~*~*~tactically~*~*~ (stealth).
  6217 | D:7      | 6217 ||| Stepping ~*~*~tactically~*~*~ (stealth).
  6219 | D:7      | 6219 ||| Stepping ~*~*~tactically~*~*~ (stealth).
  6232 | D:7      | Found a glowing silver altar of Zin.
  6490 | D:7      | 6490 ||| UPGRADING to +0 pair of gloves.
  6495 | D:7      | 6495 ||| UPGRADING to +2 pair of gloves.
  6505 | D:7      | 6505 ||| DROPPING +0 pair of gloves.
  6529 | D:8      | Noticed a gargoyle
  6536 | D:8      | 6536 ||| INVOKING Heroism.
  6542 | D:8      | HP: 7/57 [gargoyle/+0 flail (12)]
  6543 | D:8      | 6543 ||| READING 10 scrolls of teleportation.
  6543 | D:8      | Slain by a gargoyle

Levels and vault maps discovered:
D:1:      amcnicky_arrival_choice, layout_loops_ring,
          hellmonk_ecumenical_altar_defaced_shrine, minmay_pentomino_x4
D:2:      minmay_inner_zag, layout_loops_cross, basic_altar
D:3:      layout_loops_ring, fedhas_ov_isle_minmay, mainiacjoe_overflow_catwalk,
          cheibrodos_sewer_entry_sluice
D:4:      layout_basic, nicolae_overflow_hidden_temple, dk_rats_in_the_wall
D:5:      layout_rooms, ashenzari_altar_1, mainiacjoe_overflow_alcove_1,
          minmay_temple_entry_proselytizer, gammafunk_ghost_smash,
          roderic_batcave
D:6:      layout_cave_pools, palyth_stone_intersect, dreamdust_wishing_well,
          corexii_shack
D:7:      layout_basic, mainiacjoe_overflow_chevrons, grunt_qazlal_sundering,
          serial_shops, nicolae_shop_statue_plus
D:8:      layout_loops_ring, enter_bailey_5, serial_shops,
          nicolae_shop_advertising_works [nicolae_subvault_shop_adworks],
          uniq_prince_ribbit1, uniq_maurice

Skill      XL: |  1  2  3  4  5  6  7  8  9 |
---------------+----------------------------+-----
Axes           | 2 3 4 5 6 7 9 |  9.4
Fighting       | 4 5 6 7 |  7.0
Dodging        | 1 |  1.1
Armour         | 4 |  4.4
Shields        | 4 |  4.4
Invocations    | 4 |  4.0
Throwing       | 1 |  1.2

Action                   |  1- 3 |  4- 6 |  7- 9 || total
-------------------------+-------+-------+-------++-------
Melee: War axe           |   142 |   265 |   318 ||   725
Throw: Boomerang         |       |       |     7 ||     7
Invok: Heroism           |       |       |     6 ||     6
  Use: Scroll            |     6 |     5 |     8 ||    19
       Potion            |     1 |     1 |     1 ||     3
Armor: Scale mail        |    60 |       |       ||    60
       Chain mail        |     3 |   180 |   220 ||   403
       Plate armour      |       |       |    15 ||    15
Dodge: Dodged            |    68 |   106 |   126 ||   300
Block: Buckler           |    33 |    54 |    59 ||   146

Table legend:
 A = Non-vault XP
 B = Vault XP
 C = Vault XP percentage of total XP
 D = Non-vault monster count
 E = Vault monster count
 F = Vault count percentage of total count
                 A         B        C        D         E       F
            +---------+---------+-------+---------+---------+-------
      Total |    3266 |     655 |  16.7 |     143 |      98 |  40.7
            +---------+---------+-------+---------+---------+-------
        D:1 |      53 |      14 |  20.9 |      31 |       6 |  16.2
        D:2 |      20 |      14 |  41.2 |      10 |       7 |  41.2
        D:3 |     109 |      17 |  13.5 |      15 |       3 |  16.7
        D:4 |     555 |      82 |  12.9 |      16 |      21 |  56.8
        D:5 |    1387 |     161 |  10.4 |      30 |      10 |  25.0
        D:6 |     967 |       0 |   0.0 |      24 |       0 |   0.0
        D:7 |     175 |       0 |   0.0 |      17 |       0 |   0.0
      Sewer |       0 |     367 | 100.0 |       0 |      51 | 100.0
            +---------+---------+-------+---------+---------+-------
